 Dungeon Crawl Stone Soup version 0.20.1-1-g8b1a95d (webtiles) character file.

170 Monsterracer the Chiller (level 5, -1/54 HPs)
             Began as a Human Ice Elementalist on Aug 20, 2017.
             Was an Initiate of Ashenzari.
             Slain by taka's ghost (4 damage)
             ... on level 3 of the Dungeon.
             The game lasted 00:06:33 (2727 turns).

Monsterracer the Chiller (Human Ice Elementalist)   Turns: 2727, Time: 00:06:34

Health: -1/54      AC: 22    Str:  9    XL:     5   Next: 80%
Magic:  3/10       EV:  2    Int: 21    God:    Ashenzari [......]
Gold:   136        SH:  0    Dex: 16    Spells: 0/10 levels left

rFire    . . .     SeeInvis .   i - +0 spear
rCold    . . .     Gourm    .   (no shield)
rNeg     + + +     Faith    .   (armour currently unavailable)
rPois    +         Spirit   .   (helmet currently unavailable)
rElec    .         Reflect  .   (cloak currently unavailable)
rCorr    .         Harm     .   (gloves currently unavailable)
MR       +....     NoTele   +   (boots currently unavailable)
Stlth    ++........             (no amulet)
Regen    0.2/turn               l - +3 ring of dexterity (curse)
MPRegen  0.2/turn               (no ring)

@: brilliant, lethally poisoned (-1 -> -13), tree-form
A: magic resistance 1, mutation resistance 1
a: Curse Item, Renounce Religion


You were on level 3 of the Dungeon.
You worshipped Ashenzari.
Ashenzari was noncommittal.
You were not hungry.
You were a tree.
You visited 1 branch of the dungeon, and saw 3 of its levels.

You collected 136 gold pieces.

Inventory:

Hand Weapons
 i - a +0 spear (weapon)
Armour
 b - a +0 robe of magic resistance (melded)
 d - a cursed +0 pair of gloves (melded)
Jewellery
 l - a cursed +3 ring of dexterity (left branch)
Wands
 n - a wand of digging (14/24)
Scrolls
 g - 5 scrolls of identify {unknown}
 h - 2 scrolls of enchant armour {unknown}
 j - a scroll of recharging {unknown}
 k - a scroll of magic mapping {unknown}
 o - a scroll of remove curse
Potions
 e - a potion of lignification
Comestibles
 a - 2 royal jellies
 c - a bread ration


   Skills:
 + Level 0.8 Fighting
 - Level 2.0 Dodging
 - Level 2.0 Stealth
 + Level 3.3 Spellcasting
 - Level 1.0 Conjurations
 + Level 0.4 Summonings
 * Level 5.0 Ice Magic


You couldn't memorise any spells.
You knew the following spells:

 Your Spells              Type           Power        Failure   Level  Hunger
a - Freeze                Ice            ####         1%          1    None
b - Throw Frost           Conj/Ice       ####..       1%          2    ##.....
c - Ozocubu's Armour      Chrm/Ice       ####....     1%          3    ###....
d - Summon Ice Beast      Ice/Summ       ####....     4%          4    ####...


Dungeon Overview and Level Annotations

Branches:
Dungeon (3/15)

Altars:
Ashenzari

Annotations:
D:3 taka's ghost, amateur HuWn


Innate Abilities, Weirdness & Mutations

((You have sharp toenails.))
You are resistant to hostile enchantments. (MR+)
You are somewhat resistant to further mutation.


Message History

Aiming: Freeze
Press: ? - help, Shift-Dir - straight line, f/p - taka's ghost
Aim: taka's ghost, wielding a weapon of venom (heavily damaged)
You freeze taka's ghost.
Taka's ghost is heavily damaged.
* * * LOW HITPOINT WARNING * * *
You feel sick.
Taka's ghost hits you but does no damage.
You are more poisoned.
Unknown command.
Casting: Freeze
Confirm with . or Enter, or press ? or * to list all spells.
Aiming: Freeze
Press: ? - help, Shift-Dir - straight line, f/p - taka's ghost
Aim: taka's ghost, wielding a weapon of venom (heavily damaged)
You freeze taka's ghost.
Taka's ghost is severely damaged.
* * * LOW HITPOINT WARNING * * *
You feel sick. Taka's ghost hits you.
You die...

#.........#.#.......#.#
#.#...[...#.###.....#.#
####)####.# ####..#)#
#...(....######..#.# #
#.#.........(....#.#
#.##.##############.#.###
..... .....# #.......#
#.#..#####..#####.#.#.#.#
........♣...........>.#
##..##W##...####.....#
#..##g)..#.# #.....#
#..##.†..#..# #.....# ..
#........+..........#
....##...#....##..###.#.##
.........#....###.## .#.#
##.#.##.)#.......... .. #
# #..#.....##.##


You could see taka's ghost and a goblin.

Vanquished Creatures
  Natasha (thrice) (D:2)
  3 adders (D:2)
  2 oozes (D:1)
  2 worms
  A leopard gecko (D:2)
  3 giant cockroaches
  7 goblins
  8 hobgoblins
  2 ball pythons (D:1)
  9 bats
  2 frilled lizards
  7 kobolds
  7 rats
56 creatures vanquished.

Notes
Turn   | Place    | Note
-------+----------+-------------------------------------------
     0 | D:1      | Monsterracer the Human Ice Elementalist began the quest for the Orb.
     0 | D:1      | Reached XP level 1. HP: 13/13 MP: 3/3
    20 | D:1      | HP: 6/13 [ooze (1)]
    31 | D:1      | HP: 4/13 [ooze (3)]
   264 | D:1      | Reached XP level 2. HP: 19/19 MP: 3/5
   668 | D:1      | Found a shattered altar of Ashenzari.
   680 | D:1      | Became a worshipper of Ashenzari the Shackled
   688 | D:1      | Reached XP level 3. HP: 18/24 MP: 3/6
   884 | D:1      | Learned a level 3 spell: Ozocubu's Armour
   927 | D:1      | Learned a level 2 spell: Throw Frost
  1329 | D:2      | Reached skill level 4 in Ice Magic
  1451 | D:2      | Reached XP level 4. HP: 29/30 MP: 8/8
  1555 | D:2      | Noticed Natasha
  1562 | D:2      | HP: 14/30 [Natasha/magic dart (6)]
  1566 | D:2      | Killed Natasha
  1751 | D:2      | Noticed Natasha
  1756 | D:2      | Killed Natasha
  1756 | D:2      | Reached XP level 5. HP: 22/35 MP: 5/9
  1796 | D:2      | Learned a level 4 spell: Summon Ice Beast
  1854 | D:2      | Noticed Natasha
  1859 | D:2      | Killed Natasha
  1859 | D:2      | Reached skill level 5 in Ice Magic
  2694 | D:3      | Noticed taka's ghost (amateur HuWn)
  2713 | D:3      | HP: 17/36 [poisoned by taka's ghost]
  2718 | D:3      | HP: 9/36 [poisoned by taka's ghost]
  2723 | D:3      | HP: 6/54 [poisoned by taka's ghost]
  2725 | D:3      | Gained mutation: You have sharp toenails. [potion of mutation]
  2725 | D:3      | Gained mutation: You are somewhat resistant to further mutation. [potion of mutation]
  2725 | D:3      | Gained mutation: You are resistant to hostile enchantments. (MR+) [potion of mutation]
  2727 | D:3      | Slain by taka's ghost

Skill      XL: |  1  2  3  4  5 |
---------------+----------------+-----
Ice Magic      | 4 5 |  5.0
Spellcasting   | 3 |  3.3
Fighting       | |  0.8
Dodging        | |  2.0
Stealth        | |  2.0
Conjurations   | |  1.0
Summonings     | |  0.4

Action                   |  1- 3 |  4- 6 || total
-------------------------+-------+-------++-------
Melee: Unarmed           |    11 |       ||    11
       Club              |     7 |       ||     7
       Dagger            |     6 |       ||     6
       Spear             |    47 |    43 ||    90
 Cast: Freeze            |    25 |    39 ||    64
       Throw Frost       |       |     2 ||     2
Invok: Curse Item        |     2 |       ||     2
  Use: Potion            |       |     3 ||     3
 Stab: Sleeping          |     8 |     4 ||    12
       Distracted        |     1 |     1 ||     2
  Eat: Chunk             |     2 |     4 ||     6
Armor: Robe              |    30 |     7 ||    37
       Skin              |       |     6 ||     6
Dodge: Dodged            |    47 |    29 ||    76
